 Dungeon Crawl Stone Soup version 0.23.0-3-gf3c87f2 (webtiles) character file.

Game seed: 12511639579480881011

150 Monsterracer the Bolt Thrower (level 5, -2/35 HPs)
             Began as an Octopode Arcane Marksman on Feb 21, 2019.
             Slain by a gnoll
             ... wielding a +0 whip
              (6 damage)
             ... on level 3 of the Dungeon.
             The game lasted 00:01:40 (2694 turns).

Monsterracer the Bolt Thrower (OpAM)                Turns: 2694, Time: 00:01:41

Health: -2/35      AC:  1    Str: 11    XL:     5   Next: 32%
Magic:  6/6        EV: 19    Int: 15    God:
Gold:   90         SH:  0    Dex: 17    Spells: 2/6 levels left

rFire    . . .     SeeInvis .   a - +0 hand crossbow
rCold    . . .     Gourm    .   (no shield)
rNeg     . . .     Faith    .   (helmet restricted)
rPois    .         Spirit   .   (no amulet)
rElec    .         Reflect  .   (no ring)
rCorr    .         Harm     .   (no ring)
MR       .....                  (no ring)
Stlth    ++++......             (no ring)
HPRegen  0.11/turn              (no ring)
MPRegen  0.10/turn              (no ring)
                                (no ring)
                                (no ring)

@: agile
A: almost no armour, stealthy swim, amphibious, 8 rings, constrict 8, camouflage
1, gelatinous body 1
a: no special abilities


You were on level 3 of the Dungeon.
You were very hungry.

You visited 1 branch of the dungeon, and saw 3 of its levels.

You collected 90 gold pieces.

Inventory:

Hand Weapons
 a - a +0 hand crossbow (weapon)
Missiles
 d - 40 bolts (quivered)
Scrolls
 b - 2 scrolls of teleportation {unknown}
 e - a scroll of identify {unknown}
 i - a scroll of amnesia {unknown}
 j - a scroll of immolation {unknown}
 k - 2 scrolls of magic mapping {unknown}
 l - a scroll of enchant armour {unknown}
 m - a scroll of remove curse {unknown}
 o - a scroll of blinking {unknown}
 s - 3 scrolls of fear {unknown}
 t - a scroll of noise {unknown}
Potions
 f - a potion of might {unknown}
 g - a potion of agility
 h - a potion of curing {unknown}
 n - a potion of flight {unknown}
 q - 2 potions of lignification {unknown}
 r - a potion of haste {unknown}
Comestibles
 c - 4 rations


   Skills:
 + Level 2.7 Fighting
 * Level 4.2 Crossbows
 - Level 2.2 Dodging
 - Level 1.2 Spellcasting
 - Level 3.1 Hexes


You had 2 spell levels left.
You knew the following spells:

 Your Spells              Type           Power        Failure   Level  Hunger
c - Portal Projectile     Hex/Tloc       #.....       36%         3    ####...
j - Corona                Hex            ##.....      6%          1    ##.....

Your spell library contained the following spells:

 Spells                   Type           Power        Failure   Level  Hunger
 Slow                     Hex            ##......     10%         2    ###....
 Inner Flame              Hex/Fire       #.......     36%         3    ####...
 Cause Fear               Hex            ##........   54%         4    #####..
 Leda's Liquefaction      Hex/Erth       #.........   77%         4    #####..


Dungeon Overview and Level Annotations

Branches:
Dungeon (3/15)

Altars:
Kikubaaqudgha


Innate Abilities, Weirdness & Mutations

You cannot wear most types of armour.
You are very stealthy in the water. (Stealth+)
You are amphibious.
You can wear up to eight rings at the same time.
You can use your tentacles to constrict eight enemies at once.
Your skin changes colour to match your surroundings (Stealth+).
Your rubbery body absorbs attacks. (AC +1, EV +1)


Message History

The kobold shouts!
Firing (i - inventory)
d - 49 bolts (quivered)
Press: ? - help, Shift-Dir - straight line, f - kobold
Aim: a kobold, wielding a +0 whip and wearing a +0 robe You shoot a bolt.
The bolt hits the kobold.
The kobold is moderately wounded.
A kobold is nearby!
Firing (i - inventory)
d - 48 bolts (quivered)
Press: ? - help, Shift-Dir - straight line, f/p - kobold
Aim: a kobold, wielding a +0 whip and wearing a +0 robe (moderately wounded)
You shoot a bolt. The bolt hits the kobold.
You kill the kobold!
d - 48 bolts (gained 1)
Things that are here:
a +0 whip; a +0 robe
There is an open door here.
Key pressed, stopping explore.
No target in view!
No target in view!
Found an escape hatch in the ceiling.
No target in view!
A gnoll comes into view. It is wielding a +0 whip.
A gnoll is nearby!
A gnoll is nearby!
Firing (i - inventory)
d - 48 bolts (quivered)
Press: ? - help, Shift-Dir - straight line, f - gnoll
Aim: a gnoll, wielding a +0 whip (resting)
You shoot a bolt.
The bolt hits the gnoll but does no damage.
The gnoll shouts!
No target in view!
A gnoll comes into view. It is wielding a +0 club.
A gnoll comes into view. It is wielding a +0 halberd.
The gnoll moves out of view.
Found a stone staircase leading down.
Firing (i - inventory)
d - 47 bolts (quivered)
Press: ? - help, Shift-Dir - straight line, f/p - gnoll
Aim: a gnoll, wielding a +0 whip You shoot a bolt.
The bolt completely misses the gnoll.
The gnoll shouts!
You hear a shout!
Firing (i - inventory)
d - 46 bolts (quivered)
Press: ? - help, Shift-Dir - straight line, f/p - gnoll
Aim: a gnoll, wielding a +0 whip You shoot a bolt.
The bolt closely misses the gnoll.
The gnoll shouts!
The bolt hits the gnoll!
The gnoll is almost dead.
A hobgoblin comes into view. It is wielding a +0 club.
Firing (i - inventory)
d - 45 bolts (quivered)
Press: ? - help, Shift-Dir - straight line, f/p - gnoll
Aim: a gnoll, wielding a +0 whip You shoot a bolt.
The bolt hits the gnoll!
The gnoll is severely wounded.
The gnoll completely misses you.
Firing (i - inventory)
d - 44 bolts (quivered)
Press: ? - help, Shift-Dir - straight line, f/p - gnoll
Aim: a gnoll, wielding a +0 whip (severely wounded)
You shoot a bolt.
The bolt hits the gnoll but does no damage.
The gnoll is severely wounded.
The gnoll hits you from afar with a +0 halberd!
You take 14 damage, and have 21/35 hp.
MASSIVE DAMAGE!!
You are too injured to fight recklessly!
You are too injured to fight recklessly!
Firing (i - inventory)
d - 43 bolts (quivered)
Press: ? - help, Shift-Dir - straight line, f - gnoll, p - gnoll
Aim: a gnoll, wielding a +0 halberd (almost dead)
You shoot a bolt. The bolt hits the gnoll!
You kill the gnoll!
The gnoll hits you with a +0 whip!
* * * LOW HITPOINT WARNING * * *
You take 10 damage, and have 11/35 hp.
MASSIVE DAMAGE!!
Unknown command.
The gnoll barely misses you.
Firing (i - inventory)
d - 42 bolts (quivered)
Press: ? - help, Shift-Dir - straight line, f - gnoll
Aim: a gnoll, wielding a +0 whip (severely wounded)
You shoot a bolt. The bolt completely misses the gnoll.
The bolt hits the gnoll.
The gnoll is moderately wounded.
The gnoll hits you with a +0 whip.
* * * LOW HITPOINT WARNING * * *
You take 3 damage, and have 9/35 hp.
Unknown command.
Unknown command.
Firing (i - inventory)
d - 41 bolts (quivered)
Press: ? - help, Shift-Dir - straight line, f/p - gnoll
Aim: a gnoll, wielding a +0 whip (severely wounded)
You shoot a bolt.
The bolt hits the gnoll but does no damage.
The gnoll is severely wounded.
The gnoll hits you with a +0 whip.
* * * LOW HITPOINT WARNING * * *
You take 6 damage, and have 4/35 hp.
Okay, then.
It was a potion of agility.
You feel agile all of a sudden.
g - a potion of agility;
e - a scroll labeled GAGOECWOSSI The gnoll hits you with a +0 whip.
You die...

....).........# #.##.#.#.#.#
######......#.###.##.#.#.#.# .#
#......#..##.##.#.#<#.#
.#####......##.##.##.#.###.###
.#..........##.##.##.#.#.....####
.#..........##..#....#.#.#...##.#
.#.....#......#.######.#.###<...#
.#.....#......#..# #.#.........
.#.....#......##@# #.########.#
.#######......##g# #.# #.#
.#######......##g#####.########.#
.......+......'..g.............>#
########......###.####...........
#...[..# #(##........)#...
#......# #.##.........#...
######## #(.#.........#...
##.#####.#####...


You could see 2 gnolls and a hobgoblin.

Vanquished Creatures
  5 adders (D:2 D:3)
  2 gnolls (D:1 D:3)
  An ooze (D:3)
  2 worms (D:2)
  3 dart slugs (D:1 D:2 D:3)
  2 ball pythons (D:1)
  4 giant cockroaches (D:1 D:2 D:3)
  7 goblins (D:1 D:2 D:3)
  9 hobgoblins (D:1 D:2 D:3)
  9 jackals (D:1 D:2 D:3)
  3 quokkas (D:2 D:3)
  7 bats (D:1 D:2 D:3)
  2 frilled lizards (D:1 D:2)
  7 kobolds (D:1 D:2 D:3)
  6 rats (D:1 D:2 D:3)
69 creatures vanquished.

Notes
Turn   | Place    | Note
-------+----------+-------------------------------------------
     0 | D:1      | Monsterracer the Octopode Arcane Marksman began the quest
                  | for the Orb.
     0 | D:1      | Reached XP level 1. HP: 13/13 MP: 2/2
    40 | D:1      | Reached XP level 2. HP: 10/18 MP: 3/3
   333 | D:1      | HP: 8/18 [hobgoblin/+0 club (7)]
   334 | D:1      | Reached XP level 3. HP: 11/23 MP: 4/4
   607 | D:1      | Learned a level 3 spell: Portal Projectile
  1075 | D:2      | Reached skill level 3 in Crossbows
  1181 | D:2      | Reached XP level 4. HP: 29/29 MP: 5/5
  1917 | D:2      | Found an ancient bone altar of Kikubaaqudgha.
  2221 | D:3      | Reached XP level 5. HP: 34/35 MP: 6/6
  2224 | D:3      | Reached skill level 4 in Crossbows
  2673 | D:3      | HP: 11/35 [gnoll/+0 whip (10)]
  2687 | D:3      | HP: 9/35 [gnoll/+0 whip (3)]
  2689 | D:3      | HP: 4/35 [gnoll/+0 whip (6)]
  2694 | D:3      | Slain by a gnoll

Skill      XL: |  1  2  3  4  5 |
---------------+----------------+-----
Crossbows      | 3 4 |  4.2
Fighting       | 2 |  2.7
Dodging        | |  2.2
Spellcasting   | |  1.2
Hexes          | |  3.1

Action                   |  1- 3 |  4- 6 || total
-------------------------+-------+-------++-------
 Fire: Hand crossbow     |    68 |   109 ||   177
  Use: Potion            |       |     1 ||     1
  Eat: Chunk             |     1 |     3 ||     4
Armor: Skin              |     5 |     1 ||     6
Dodge: Dodged            |    18 |    37 ||    55

Levels and vault maps discovered:
D:1:      scummos_arrival_checkerplants, layout_basic
D:2:      minmay_angry_zag, layout_loops_ring, nicolae_overflow_hidden_temple,
          grunt_ministairs_4
D:3:      layout_basic, first_ration
